Description

In this guide, I show you how to hold a proxy Cyclones build order as Protoss. This kind of proxy is pretty hard to hold. The fast 4 stalkers battery shield into immortals is probably the best way to hold it. Steps to follow :

  • Scout early and count how many gas he takes
  • Search the proxy : It is a proxy tank ? a proxy cyclone ? A fast banshee after it ? You need to find it
  • Chrono units instead of warp gate. It's really important to have enough units to hold the first push.

VOD is in French.

VOD

https://youtu.be/KCWlBc1ysaE

Replay - zuka - How to counter a proxy Cyclone into tank as Protoss ?

Build Order

Get SALT Encoding   

  12  0:01  Probe  
  13  0:13  Probe  
  14  0:18  Pylon  
  14  0:21  Probe  
  15  0:32  Probe  
  15  0:40  Gateway  
  16  0:42  Probe  
  17  0:50  Assimilator  
  17  0:53  Probe  
  18  1:01  Probe  
  19  1:17  Probe  
  19  1:18  Gateway  
  19  1:24  Assimilator  
  20  1:29  Cybernetics Core  
  20  1:35  Zealot  
  22  1:40  Probe  
  23  1:48  Pylon  
  23  2:08  Stalker x2  
  27  2:11  Warp Gate  
  27  2:33  Shield Battery  
  27  2:36  Stalker x2  
  30  2:58  Robotics Facility  
  30  3:06  Shield Battery  
  30  3:16  Probe  
  31  3:21  Pylon  
  31  3:36  Pylon x2  
  31  3:47  Immortal  
  35  4:17  Zealot, Warp Prism  
  34  4:19  Stalker  
  30  4:46  Stalker x2  
  34  4:58  Immortal  
  34  5:09  Zealot  
  36  5:27  Stalker  
Spawning Tool Build Advisor. Get it on Overwolf

Go to:

Details

  • Created by: zuka      
  • Published on: May 26, 2018
  • Modified on: May 26, 2018
  • Patch: 4.0.0
Show
View Real Time Build Order
Export as new Build Order

Comments (0)

There are no comments. Be the first!

Create an account to comment!